Map: Catalyst LE

Players

Immortus

  • Race: Protoss Protoss
  • League: Diamond
  • Spawn Location: 11:00

IIIIIIIIIIII - Winner!

  • Race: Protoss Protoss
  • League: Master
  • Spawn Location: 5:00

VOD

Have the link to the VOD?

Description

Time

  • Played on: June 30, 2018, 12:55 a.m.
  • Length: 4:52
Show
View Real Time Build Order
Export as new Build Order

Immortus Protoss 

Build Orders: Dark Templar Rush 

Get SALT Encoding   

  12  0:00  Probe  
  13  0:12  Probe  
  14  0:17  Pylon  
  14  0:22  Probe  
  15  0:31  Probe  
  16  0:37  Gateway  
  16  0:44  Assimilator  
  16  0:45  Probe  
  17  0:53  Assimilator  
  17  0:54  Probe  
  17  1:03  Probe  
  18  1:11  Gateway, Probe  
  20  1:25  Cybernetics Core  
  20  1:28  Probe  
  21  1:33  Pylon  
  21  1:41  Probe  
  22  1:52  Stalker  
  22  1:53  Probe  
  23  2:02  Warp Gate  
  23  2:05  Probe  
  26  2:17  Probe  
  26  2:21  Twilight Council  
  26  2:22  Stalker  
  29  2:27  Stalker  
  31  2:40  Gateway  
  31  2:58  Dark Shrine  
  31  3:07  Gateway  
  31  3:22  Shield Battery  
  31  3:26  Pylon  
  31  3:30  Pylon  
  31  3:33  Probe  
  23  3:50  Probe  
  24  3:57  Nexus  
  24  4:11  Dark Templar  
  26  4:19  Pylon  
  26  4:22  Probe  
  26  4:23  Dark Templar  
  28  4:25  Pylon  
  28  4:30  Probe  
  31  4:46  Gateway  
Show
View Real Time Build Order
Export as new Build Order

IIIIIIIIIIII Protoss - Winner!

Build Orders: Dark Templar Rush 

Get SALT Encoding   

  12  0:00  Probe  
  13  0:12  Probe  
  14  0:17  Pylon  
  14  0:23  Probe  
  15  0:31  Probe  
  15  0:40  Gateway, Probe  
  16  0:47  Assimilator  
  17  0:51  Probe  
  17  0:56  Assimilator  
  18  0:59  Probe  
  19  1:07  Probe  
  19  1:15  Gateway  
  19  1:17  Probe  
  21  1:27  Cybernetics Core  
  21  1:30  Probe  
  22  1:41  Pylon  
  22  1:42  Probe  
  23  1:57  Pylon  
  23  1:59  Probe  
  23  2:00  Warp Gate  
  24  2:04  Adept  
  26  2:08  Adept  
  26  2:09  Twilight Council  
  28  2:31  Adept  
  28  2:34  Adept  
  32  2:46  Dark Shrine  
  32  3:02  Adept x2  
  32  3:05  Pylon  
  36  3:07  Shield Battery  
  36  3:39  Forge  
  34  3:46  Probe  
  33  3:50  Shield Battery  
  33  3:54  Pylon  
  33  3:59  Shield Battery  
  33  4:08  Dark Templar x2  
  37  4:12  Photon Cannon  
  37  4:46  Dark Templar x2  
Tags
 
Add a new tag
Caveats
  • Supply blocks, unpowered buildings, or Contaminate may cause inaccurate times.
  • Supply counts are checked every 10 seconds.